 Dungeon Crawl Stone Soup version 0.32-a0-841-g4648e6c457 (webtiles) character file.

Game seed: 13413159139809147506

29 WindowMaker the Ruffian (level 3, 0/34 HPs)
             Began as an Octopode Shapeshifter on Mar 27, 2024.
             Slain by Sigmund
             ... wielding a +0 scythe
              (2 damage)
             ... on level 2 of the Dungeon.
             The game lasted 00:03:46 (1298 turns).

WindowMaker the Ruffian (Octopode Shapeshifter)     Turns: 1298, Time: 00:03:47

Health: 0/34       AC: 21    Str: 13    XL:     3   Next: 16%
Magic:  3/3        EV:  2    Int: 14    God:
Gold:   82         SH:  0    Dex: 11    Spells: 2/2 levels left

rFire   . .          .
                       - Unarmed
rCold   . . .        (no shield)
rNeg    . . .        (helmet currently unavailable)
rPois   +            (no amulet)
rElec   .            (no ring)
rCorr   .            (no ring)
SInv    .            (no ring)
Will    .....        (no ring)
Stlth   +            (no ring)
HPRegen 0.25/turn    (no ring)
MPRegen 0.08/turn    (no ring)
                     (no ring)

%: no passive effects
@: mighty, tree-form
A: stationary, stasis, torment immunity, boosted hp, almost no armour,
(amphibious), 8 rings, (camouflage 1), (gelatinous body 1), (nimble swimmer 1),
(tentacles)
a: no special abilities


You were on level 2 of the Dungeon.
You were a tree.
You visited 1 branch of the dungeon, and saw 2 of its levels.

You collected 82 gold pieces.

Inventory:

Jewellery
 l - an amulet of regeneration
Talismans
 b - a beast talisman (active)
 c - a flux talisman
 f - a serpent talisman
Scrolls
 g - a scroll of noise


   Skills:
 - Level 1.0 Fighting
 - Level 2.0 Dodging
 + Level 3.6 Unarmed Combat
 + Level 3.5 Shapeshifting


You had 2 spell levels left.
You didn't know any spells.
Your spell library was empty.

Dungeon Overview and Level Annotations

Branches:
Dungeon (2/15)

Altars:

Annotations:
D:2 Sigmund


Innate Abilities, Weirdness & Mutations

You are a tree.
Your roots penetrate the ground, keeping you stationary.
You cannot be teleported.
You are immune to unholy pain and torment.
Your maximum health is greatly increased.
You cannot wear most types of armour.
((You are amphibious.))
You can wear up to eight rings at the same time.
((Your skin changes colour to match your surroundings (Stealth+).))
((Your rubbery body absorbs attacks. (AC +1, EV +1)))
((You are camouflaged when in or above water. (Stealth+)))
((You have tentacles for arms and can constrict up to eight enemies at once.))


Message History

You swing at nothing.
You swing at nothing.
Something hits you but does no damage.
You swing at nothing.
Something hits you but does no damage.
You swing at nothing.
You swing at nothing.
Something hits you!
* * * LOW HITPOINT WARNING * * *
You swing at nothing.
Something hits you but does no damage.
You swing at nothing.
As you read the scroll labelled HUOSTU GITU, it crumbles to dust.
You cannot blink because you are held in place by your roots.
It was a scroll of blinking.
Something hits you but does no damage.
The air fills with toxic fumes!
As you read the scroll labelled VITZOR QECKAUS, it crumbles to dust.
It was a scroll of poison.
As you read the scroll labelled QUNONL KEUVAYN, it crumbles to dust.
Wisps of shadow whirl around you...
It was a scroll of summoning.
You hear some strange, mumbled words.
A puff of flame appears from out of thin air!
The puff of flame hits your rat.
Your rat dies!
Your rat's corpse dissolves into shadows!
As you read the scroll labelled ACIEGE QABOAG, it crumbles to dust.
It is a scroll of identify.
You don't currently have any unidentified items.
Something hits you but does no damage.
Your ball python is engulfed in poison gas.
Your ball python is poisoned.
You kill your ball python!
Your ball python's corpse dissolves into shadows!
Your frilled lizard is engulfed in poison gas.
Your frilled lizard is poisoned.
You kill your frilled lizard!
Your frilled lizard's corpse dissolves into shadows!
A magic dart appears from out of thin air!
The magic dart hits you but does no damage.
A magic dart appears from out of thin air!
The magic dart hits you!
* * * LOW HITPOINT WARNING * * *
Something hits you.
You die...

#<##.... #######.
###### ....... #
####### #§#### #§§§§§
#§§§§§#################
#§§§§§♣§§§§§§§.........
##§§☼§#################
☼§§§§{# #####☼ .## #
... ... ... ... ...


There were no monsters in sight!

Vanquished Creatures
  4 ball pythons
  A bat (D:2)
  An endoplasm (D:2)
  A giant cockroach (D:1)
  4 goblins
  4 hobgoblins (D:1)
  2 quokkas
  2 frilled lizards
  7 rats
26 creatures vanquished.

Notes
Turn   | Place    | Note
-------+----------+-------------------------------------------
     0 | D:1      | WindowMaker the Octopode Shapeshifter began the quest for
                  | the Orb.
     0 | D:1      | Reached XP level 1. HP: 13/13 MP: 1/1
   101 | D:1      | Reached XP level 2. HP: 15/18 MP: 2/2
   803 | D:2      | Reached XP level 3. HP: 22/23 MP: 3/3
  1056 | D:2      | Identified the +6 ring mail "Luulalo" {Will+ SInv Stlth-}
  1274 | D:2      | Noticed Sigmund
  1297 | D:2      | HP: 1/34 [something/magic dart (7)]
  1298 | D:2      | Slain by Sigmund

Illustrated notes

Levels and vault maps discovered:
D:1:      amcnicky_arrival_gap_in_the_tavern_cellar, layout_basic
D:2:      layout_basic, minmay_pentomino_s2, uniq_sigmund

Action                     || total
---------------------------++-------
  Melee: Unarmed           ||    38
         Constrict         ||     9
         Tentacles         ||     4
         Punch             ||     1
    Use: Scroll            ||     6
         Potion            ||     2
   Stab: Sleeping          ||     5
 Armour: Skin              ||    31
  Dodge: Dodged            ||    14

Table legend: (Time is in decaauts)
 A = Elapsed time spent in this place.
 B = Non-inter-level travel time spent in this place.
 C = Inter-level travel time spent in this place.
 D = Time resting spent in this place.
 E = Time spent auto-exploring this place.
 F = Levels seen in this place.
 G = Mean time per level.
                   A        B        C        D        E       F      G
               +--------+--------+--------+--------+--------+-----+--------+
         Total |   1295 |   1234 |     61 |      0 |   1041 |   2 |  647.5 |
       Dungeon |   1295 |   1234 |     61 |      0 |   1041 |   2 |  647.5 |
               +--------+--------+--------+--------+--------+-----+--------+

Top non-repeatable levels by time:
     D:1: 781 daAuts
     D:2: 514 daAuts
